 Dungeon Crawl Stone Soup version 0.31-a0-344-gd109795599 (webtiles) character file.

Game seed: 13162429841804510166

3692 GordonOverkill the Thaumaturge (level 9, -23/63 HPs)
             Began as a Mummy Delver on July 22, 2023.
             Was a Believer of Vehumet.
             Shot with an arrow by a centaur warrior (25 damage)
             ... on level 10 of the Dungeon.
             The game lasted 00:23:32 (5618 turns).

GordonOverkill the Thaumaturge (Mummy Delver)       Turns: 5618, Time: 00:23:32

Health: -23/63     AC:  3    Str: 15    XL:     9   Next: 90%
Magic:  22/23      EV: 11    Int: 14    God:    Vehumet [**....]
Gold:   212        SH:  0    Dex: 13    Spells: 27/28 levels left

rFire   x . .        k - +4 short sword
rCold   + . .        (no shield)
rNeg    + + +        b - +0 leather armour
rPois   ∞            (no helmet)
rElec   .            (no cloak)
rCorr   +            (no gloves)
SInv    .            (no boots)
Will    +....        (no amulet)
Stlth   ++           e - ring of resist corrosion
HPRegen 0.30/turn    (no ring)
MPRegen 0.18/turn

%: faith
@: no status effects
A: cold resistance 1, negative energy resistance 3, torment resistance 2, heat
vulnerability 1, in touch with death 1, no potions, faith
a: Renounce Religion


You were on level 10 of the Dungeon.
You worshipped Vehumet.
Vehumet was pleased with you.
You visited 1 branch of the dungeon, and saw 7 of its levels.

You collected 212 gold pieces.

Inventory:

Hand Weapons
 k - a +4 short sword (weapon)
 p - a +1 dagger of venom
Missiles
 a - 3 javelins (quivered)
 h - 11 poisoned darts
 n - 2 curare-tipped darts
 s - 3 boomerangs
Armour
 b - a +0 leather armour (worn)
 l - the +1 chain mail "Gaxoips" {rElec rC+ Str+2 Dex-5}
   (You took it off an orc on level 7 of the Dungeon)

   Str:       It affects your strength (+2).
   Dex:       It affects your dexterity (-5).
   rC:        It protects you from cold.
   rElec:     It insulates you from electricity.
Jewellery
 e - a ring of resist corrosion (left hand)
 r - the ring of Siud {Fly rPois Will- Str+3 Dex+3 SInv}
   (You found it on level 9 of the Dungeon)

   [ring of flight]

   Str:       It affects your strength (+3).
   Dex:       It affects your dexterity (+3).
   rPois:     It protects you from poison.
   SInv:      It lets you see invisible.
   Fly:       It grants you flight.
   Will:      It decreases your willpower.
Wands
 f - a wand of digging (3)
Scrolls
 c - a scroll of fog
 d - 2 scrolls of revelation
 g - 5 scrolls of identify
 i - 2 scrolls of enchant armour
 m - a scroll of teleportation
 q - a scroll of noise


   Skills:
 - Level 3.0 Fighting
 - Level 1.5 Short Blades
 - Level 2.0 Throwing
 - Level 1.5 Dodging
 - Level 4.1 Stealth
 - Level 10.0 Spellcasting
 + Level 7.7 Ice Magic
 - Level 5.0 Evocations


You had 27 spell levels left.
You knew the following spells:

 Your Spells              Type           Power      Damage    Failure   Level
a - Freeze                Ice            100%       1d10      1%          1

Your spell library contained the following spells:

 Spells                   Type           Power      Damage    Failure   Level
 Kiss of Death            Conj/Necr      40%        2d8       13%         1


Dungeon Overview and Level Annotations

Branches:
Dungeon (11/15)            Temple (0/1) D:6
   Lair: D:8-11         Orc: D:9-12

Altars:
Ashenzari
Fedhas
Nemelex Xobeh
Okawaru
Sif Muna
Trog
Vehumet
Yredelemnul

Annotations:
D:5 Grinder
D:6 exclusion: 2 downstairs
D:7 exclusion: 2 downstairs
D:8 exclusion: downstairs, Erica


Innate Abilities, Weirdness & Mutations

You are immune to poison.
Your flesh is cold resistant. (rC+)
You are immune to negative energy. (rN+++)
You are immune to unholy pain and torment.
You are vulnerable to heat. (rF-)
You are in touch with the powers of death.
You do not drink.
You have a special connection with the divine. (Faith)


Message History

You freeze the centaur warrior.
The centaur warrior is lightly wounded.
The centaur warrior hits you!
* * * LOW HITPOINT WARNING * * *
The centaur warrior kicks you but does no damage.
Casting: Freeze (safe; 1% risk of failure)
Confirm with . or Enter, or press ? or * to list all spells.
Aiming: Freeze (safe; 1% risk of failure)
Press: ? - help, Shift-Dir - straight line, f/p - centaur warrior
Aim: a centaur warrior (lightly wounded)
You freeze the centaur warrior.
The centaur warrior is lightly wounded.
The centaur warrior barely misses you. The centaur warrior kicks you.
* * * LOW HITPOINT WARNING * * *
The centaur warrior hits you!
* * * LOW HITPOINT WARNING * * *
The centaur warrior closely misses you.
As you read the scroll of fear, it crumbles to dust.
You assume a fearsome visage.
The centaur warrior resists with some effort.
The centaur warrior completely misses you.
The centaur warrior kicks you.
* * * LOW HITPOINT WARNING * * *
As you read the scroll of fear, it crumbles to dust.
You assume a fearsome visage.
The centaur warrior looks frightened!
The centaur warrior pleads, "Please don't kill me!"
You close the door.
a - 3 javelins (gained 2)
As you read the scroll of teleportation, it crumbles to dust.
You feel strangely unstable.
Your surroundings suddenly seem different.
You see here a howler monkey skeleton.
Unknown command.
The centaur warrior seems to regain its courage.
The centaur warrior wields a +0 shortbow.
The centaur warrior shoots an arrow.
The arrow hits you!!
* * * LOW HITPOINT WARNING * * *
As you read the scroll of fog, it dissolves into smoke.
The centaur warrior shoots an arrow.
The arrow hits you!!
You die...

##############
#.....<§§§§..#
#......§§§...#
#.#......§@§...#
#.#.....§§§§§..#
#.#............#
#.#####....c...#
#.....#........#
#.....'........#
#######..!..######...#
.......(c...# #####
............#


You could see a centaur warrior.

Vanquished Creatures
  2 two-headed ogres
  A steam dragon (D:7)
  A water moccasin (D:11)
  3 black bears
  3 sky beasts
  4 ice beasts
  2 centaurs
  2 kobold brigands (D:7)
  A gnoll sergeant (D:9)
  A scorpion (D:7)
  6 wights (D:8)
  A killer bee (D:9)
  5 howler monkeys
  3 jellies
  A hound (D:6)
  4 orc priests
  A gnoll bouda (D:8)
  A sleepcap (D:8)
  2 orc wizards
  6 gnolls
  3 adders (D:6)
  A white imp (D:7)
  2 ufetubi
  12 orcs
  10 kobolds
78 creatures vanquished.

Notes
Turn   | Place    | Note
-------+----------+-------------------------------------------
     0 | D:5      | GordonOverkill the Mummy Delver began the quest for the
                  | Orb.
     0 | D:5      | Reached XP level 1. HP: 18/18 MP: 1/1
    55 | D:6      | Found a staircase to the Ecumenical Temple.
    55 | D:6      | Noticed a hound
    92 | D:7      | Noticed a sky beast
    92 | D:7      | Noticed a scorpion
   106 | D:7      | Noticed a black bear
   108 | D:7      | Noticed a black bear
   114 | D:7      | Noticed a sky beast
   272 | D:6      | Found a radiant altar of Vehumet.
   280 | D:6      | Became a worshipper of Vehumet
   299 | D:6      | Found a bloodstained altar of Trog.
   322 | D:6      | Reached skill level 2 in Spellcasting
   322 | D:6      | Reached XP level 2. HP: 18/24 MP: 1/5
   407 | D:8      | Noticed a kobold brigand
   458 | D:7      | Noticed a steam dragon
   792 | D:6      | Noticed a sky beast
   806 | D:6      | Reached skill level 3 in Spellcasting
   806 | D:6      | Gained mutation: You are in touch with the powers of death.
                  | [Mummy growth]
   806 | D:6      | Reached XP level 3. HP: 29/29 MP: 6/8
   909 | D:7      | Reached skill level 4 in Spellcasting
   942 | D:7      | Identified the +1 chain mail "Gaxoips" {rElec rC+ Str+2
                  | Dex-5}
  1151 | D:7      | Noticed an ice beast
  1165 | D:7      | Killed an ice beast
  1166 | D:7      | Reached skill level 5 in Spellcasting
  1166 | D:7      | Reached skill level 1 in Evocations
  1166 | D:7      | Reached XP level 4. HP: 35/35 MP: 9/11
  1166 | D:7      | Reached XP level 5. HP: 41/41 MP: 9/12
  1226 | D:7      | Noticed a centaur
  1238 | D:7      | Killed a centaur
  1386 | D:8      | Noticed Erica
  1386 | D:8      | Noticed a vampire
  1489 | D:6      | Noticed an ice beast
  1498 | D:6      | Killed an ice beast
  1499 | D:6      | Reached skill level 6 in Spellcasting
  1499 | D:6      | Reached XP level 6. HP: 47/47 MP: 15/15
  1579 | D:5      | Noticed Grinder
  1895 | D:6      | Killed a sky beast
  1896 | D:6      | Reached skill level 7 in Spellcasting
  2126 | D:6      | Found an iron altar of Okawaru.
  2127 | D:6      | Found a basalt altar of Yredelemnul.
  2176 | D:6      | Noticed an ice beast
  2192 | D:6      | Reached XP level 7. HP: 52/52 MP: 17/17
  2260 | D:6      | Found a shimmering blue altar of Sif Muna.
  2449 | D:7      | Reached skill level 1 in Throwing
  2528 | D:7      | Killed a steam dragon
  2529 | D:7      | Reached skill level 8 in Spellcasting
  2730 | D:7      | Reached XP level 8. HP: 42/58 MP: 20/20
  3010 | D:7      | Reached * piety under Vehumet
  3010 | D:7      | Offered knowledge of Freeze by Vehumet.
  3011 | D:7      | Reached skill level 9 in Spellcasting
  3019 | D:7      | Learned a level 1 spell: Freeze
  3085 | D:7      | Found a blossoming altar of Fedhas.
  3257 | D:7      | Reached skill level 1 in Ice Magic
  3257 | D:7      | Reached skill level 5 in Evocations
  4040 | D:8      | Found a sparkling altar of Nemelex Xobeh.
  4060 | D:8      | Reached skill level 10 in Spellcasting
  4406 | D:8      | Reached ** piety under Vehumet
  4477 | D:8      | Offered knowledge of Kiss of Death by Vehumet.
  4590 | D:8      | Reached XP level 9. HP: 63/63 MP: 23/23
  4622 | D:9      | Noticed a two-headed ogre
  4628 | D:9      | Killed a two-headed ogre
  4629 | D:9      | Reached skill level 5 in Ice Magic
  5102 | D:9      | Identified the ring of Siud {Fly rPois Will- Str+3 Dex+3
                  | SInv}
  5114 | D:10     | Entered Level 10 of the Dungeon
  5138 | D:10     | Found a broken altar of Ashenzari.
  5377 | D:11     | Noticed a cyclops
  5519 | D:11     | Noticed a two-headed ogre
  5551 | D:10     | Noticed a two-headed ogre
  5556 | D:10     | Killed a two-headed ogre
  5596 | D:10     | Noticed a centaur warrior
  5617 | D:10     | HP: 2/63 [centaur warrior/arrow (22)]
  5618 | D:10     | Shot with an arrow by a centaur warrior

Illustrated notes

Levels and vault maps discovered:
D:5:      layout_basic, gammafunk_ghost_arena, dk_rats_in_the_wall, uniq_grinder
D:6:      layout_loops_corners, led_sif_book,
          mainiacjoe_overflow_small_starburst, vehumet_crystals,
          amethyst_overflow_temple_binary, minmay_temple_entry_tees
D:7:      layout_basic, amcnicky_altar_gilded, enter_bailey_2, minmay_bent
D:8:      layout_rooms, nemelex_diamond_rough_becter, uniq_erica
D:9:      layout_basic, overflow_temple_1_default,
          hangedman_decor_clover_reticule
D:10:     layout_irregular_city, pdpol_wu_jian_five_deadly_venoms,
          lemuel_coloured_pillars_altar, mainiacjoe_overflow_alcove_2,
          serial_shops, nicolae_shop_back_alley_shop, dreamdust_princess_bridge
D:11:     layout_roguey, due_lair_maze_entry_diamond,
          minmay_orc_entry_temple_small

Skill      XL: |  1  2  3  4  5  6  7  8  9 |
---------------+----------------------------+-----
Spellcasting   | 2 3 5 6 7 8 10 | 10.0
Evocations     | 1 2 3 4 5 |  5.0
Throwing       | 2 |  2.0
Ice Magic      | 3 7 |  7.7
Fighting       | |  3.0
Short Blades   | |  1.5
Dodging        | |  1.5
Stealth        | |  4.1

Action                     |  1- 3 |  4- 6 |  7- 9 || total
---------------------------+-------+-------+-------++-------
  Melee: Short sword       |    64 |    79 |    66 ||   209
         Punch             |       |       |     1 ||     1
  Throw: Javelin           |       |     3 |    62 ||    65
         Dart              |       |       |     3 ||     3
   Cast: Freeze            |       |       |    85 ||    85
  Evoke: Wand              |     7 |    11 |    18 ||    36
    Use: Scroll            |     1 |       |     7 ||     8
   Stab: Sleeping          |     1 |       |       ||     1
 Armour: Leather armour    |    14 |    21 |    26 ||    61
         Chain mail        |       |       |    35 ||    35
  Dodge: Dodged            |    45 |    72 |    83 ||   200

Table legend: (Time is in decaauts)
 A = Elapsed time spent in this place.
 B = Non-inter-level travel time spent in this place.
 C = Inter-level travel time spent in this place.
 D = Time resting spent in this place.
 E = Time spent auto-exploring this place.
 F = Levels seen in this place.
 G = Mean time per level.
                   A        B        C        D        E       F      G
               +--------+--------+--------+--------+--------+-----+--------+
         Total |   5641 |   5527 |    114 |   2128 |    895 |   7 |  805.9 |
       Dungeon |   5641 |   5527 |    114 |   2128 |    895 |   7 |  805.9 |
               +--------+--------+--------+--------+--------+-----+--------+

Top non-repeatable levels by time:
     D:7: 2262 daAuts
     D:6: 1652 daAuts
     D:8: 696 daAuts
     D:9: 517 daAuts
    D:11: 358 daAuts
    D:10: 151 daAuts
     D:5: 2 daAuts
